 Dungeon Crawl Stone Soup version 0.23-a0-642-g3120c2f5a9 (webtiles) character file.

56 HereIgoKillingAgain the Insei (level 3, -5/26 HPs)
             Began as a Demonspawn Transmuter on Dec 31, 2018.
             Slain by Sigmund
             ... wielding a +2 scythe of freezing
              (9 damage)
             ... on level 2 of the Dungeon.
             The game lasted 00:01:55 (2328 turns).

HereIgoKillingAgain the Insei (DsTm)                Turns: 2328, Time: 00:01:56

Health: -5/26      AC:  3    Str: 11    XL:     3   Next: 71%
Magic:  6/6        EV: 12    Int: 16    God:
Gold:   64         SH:  0    Dex: 13    Spells: 0/6 levels left

rFire    . . .     SeeInvis .     - Unarmed
rCold    . . .     Gourm    .   (no shield)
rNeg     + . .     Faith    .   q - +0 leather armour (curse)
rPois    .         Spirit   .   (no helmet)
rElec    .         Reflect  .   (no cloak)
rCorr    .         Harm     .   (no gloves)
MR       .....                  (no boots)
Stlth    +.........             (no amulet)
HPRegen  0.08/turn              s - ring of positive energy
MPRegen  0.10/turn              (no ring)

@: berserk cooldown, slowed, very slow
A: claws 1, blurry vision 1, clever 1
a: no special abilities


You were on level 2 of the Dungeon.
You were near starving.

You visited 1 branch of the dungeon, and saw 2 of its levels.

You collected 64 gold pieces.

Inventory:

Missiles
 a - 9 arrows
Armour
 b - a +0 robe
 q - a cursed +0 leather armour (worn)
Jewellery
 s - a ring of positive energy (left claw)
Scrolls
 c - 2 scrolls of blinking {unknown}
 e - 2 scrolls of teleportation {unknown}
 f - a scroll of immolation {unknown}
 h - 2 scrolls of enchant weapon {unknown}
 j - 3 scrolls of identify {unknown}
 k - a scroll of enchant armour {unknown}
 m - a scroll of magic mapping {unknown}
 o - 2 scrolls of remove curse {unknown}
 p - a scroll of amnesia {unknown}
 r - a scroll of fear {unknown}
Potions
 n - a potion of brilliance {unknown}
Comestibles
 d - 7 rations


   Skills:
 - Level 1.0 Fighting
 - Level 1.7 Dodging
 * Level 3.9 Unarmed Combat
 - Level 2.0 Spellcasting
 + Level 2.5 Transmutations


You couldn't memorise any spells.
You knew the following spells:

 Your Spells              Type           Power        Failure   Level  Hunger
a - Beastly Appendage     Tmut           #.....       10%         1    #......
b - Sticks to Snakes      Tmut           #.......     14%         2    ###....
c - Spider Form           Tmut/Pois      #.........   43%         3    ###....

Your spell library contained the following spells:

 Spells                   Type           Power        Failure   Level  Hunger
 Ice Form                 Ice/Tmut       #.......     85%         4    #####..
 Blade Hands              Tmut           #.........   95%         5    ######.


Dungeon Overview and Level Annotations

Branches:
Dungeon (2/15)

Altars:

Annotations:
D:2 Natasha, Sigmund


Innate Abilities, Weirdness & Mutations

You have sharp fingernails.
Scrolls take you a little longer to read.
Your mind is acute. (Int +2)


Message History

The puff of flame hits you!
* * * LOW HITPOINT WARNING * * *
Natasha mumbles some strange words.
The worm barely misses you.
You scratch Sigmund.
Sigmund is almost dead.
Sigmund mumbles some strange words.
Sigmund flickers and vanishes!
Deactivating autopickup; reactivate with Ctrl-A.
Natasha claws you.
* * * LOW HITPOINT WARNING * * *
You miss something.
You are no longer berserk.
You are exhausted.
You feel yourself slow down.
Unknown command.
You scratch something but do no damage. Natasha claws you.
* * * LOW HITPOINT WARNING * * *
Something hits you!
You die...

## .## #.......# .. #.......#
##.## #.......# .... #.......#
###.## .....>.# .....#
#.5....############ .##..#
#w{h.<.#...##...... .....# ###@#
#.#.##......
..##.#########...#####.#.##......
..........................)......
..##........##.#######.####......
.................................
..####.........#######.#######.##
.........##.#### #.# #.#
..#####..##.##########.#######.##
...<......#.#...............##.#.


You could see a worm, an iron imp and Natasha.

Vanquished Creatures
  A worm (D:2)
  A dart slug (D:2)
  4 leopard geckos
  7 bats
  4 giant cockroaches
  7 hobgoblins
  5 ball pythons
  2 frilled lizards
  3 goblins
  5 kobolds
  4 rats
43 creatures vanquished.

Vanquished Creatures (collateral kills)
  A hobgoblin (D:2)
1 creature vanquished.

Grand Total: 44 creatures vanquished

Notes
Turn   | Place    | Note
-------+----------+-------------------------------------------
     0 | D:1      | HereIgoKillingAgain the Demonspawn Transmuter began the
                  | quest for the Orb.
     0 | D:1      | Reached XP level 1. HP: 15/15 MP: 3/3
   103 | D:1      | Reached skill level 3 in Unarmed Combat
   247 | D:1      | Gained mutation: You have sharp fingernails. [demonic
                  | ancestry]
   247 | D:1      | Reached XP level 2. HP: 18/21 MP: 3/5
  1032 | D:2      | Reached XP level 3. HP: 23/26 MP: 6/6
  1054 | D:2      | Learned a level 2 spell: Sticks to Snakes
  1058 | D:2      | Learned a level 3 spell: Spider Form
  2310 | D:2      | Noticed Sigmund
  2312 | D:2      | Gained mutation: Scrolls take you a little longer to read.
                  | [potion of mutation]
  2312 | D:2      | Gained mutation: Your mind is acute. (Int +2) [potion of
                  | mutation]
  2315 | D:2      | Noticed Natasha
  2328 | D:2      | Slain by Sigmund

Vault maps used:
D:1:      lightli_arrival_noodles, dk_noncrumbling_4, moated_statue
D:2:      uniq_sigmund, uniq_natasha

Skill      XL: |  1 |
---------------+----+-----
Unarmed Combat | 3 |  3.9
Transmutations | 2 |  2.5
Fighting       | |  1.0
Dodging        | |  1.7
Spellcasting   | |  2.0

Action                   || total
-------------------------++-------
Melee: Unarmed           ||   145
       Punch             ||     2
       Kick              ||     3
       Headbutt          ||     3
 Cast: Beastly Appendage ||     7
       Sticks to Snakes  ||     3
  Use: Potion            ||     3
 Stab: Sleeping          ||     4
  Eat: Chunk             ||     3
Armor: Robe              ||    28
       Leather armour    ||     5
Dodge: Dodged            ||   114

Table legend:
 A = Non-vault XP
 B = Vault XP
 C = Vault XP percentage of total XP
 D = Non-vault monster count
 E = Vault monster count
 F = Vault count percentage of total count
                 A         B        C        D         E       F
            +---------+---------+-------+---------+---------+-------
      Total |      81 |       0 |   0.0 |      44 |       0 |   0.0
            +---------+---------+-------+---------+---------+-------
        D:1 |      37 |       0 |   0.0 |      22 |       0 |   0.0
        D:2 |      44 |       0 |   0.0 |      22 |       0 |   0.0
            +---------+---------+-------+---------+---------+-------
